 Dungeon Crawl Stone Soup version 0.21.1-1-g345015f (webtiles) character file.

108 tyranidshit the Skirmisher (level 4, -6/39 HPs)
             Began as a Demonspawn Abyssal Knight on June 20, 2018.
             Was a Believer of Lugonu.
             Mangled by a gnoll
             ... wielding a +0 club
              (9 damage)
             ... on level 2 of the Dungeon.
             The game lasted 00:05:09 (1852 turns).

tyranidshit the Skirmisher (DsAK)                   Turns: 1852, Time: 00:05:10

Health: -6/39      AC: 13    Str: 13    XL:     4   Next: 58%
Magic:  0/5        EV: 11    Int: 14    God:    Lugonu [**....]
Gold:   66         SH:  0    Dex: 12    Spells: 3/3 levels left

rFire    . . .     SeeInvis .   g - +1 dagger (protect)
rCold    . . .     Gourm    .   (no shield)
rNeg     . . .     Faith    .   b - +0 leather armour
rPois    .         Spirit   +   (no helmet)
rElec    .         Reflect  .   (no cloak)
rCorr    .         Harm     .   h - +0 pair of gloves
MR       .....                  (no boots)
Stlth    +.........             (no amulet)
HPRegen  0.13/turn              (no ring)
MPRegen  0.09/turn              (no ring)

@: sanguine armour
A: magic shield, sanguine armour 2
a: Depart the Abyss, Bend Space, Renounce Religion


You were on level 2 of the Dungeon.
You worshipped Lugonu.
Lugonu was pleased with you.
You were not hungry.

You visited 1 branch of the dungeon, and saw 3 of its levels.
You visited the Abyss 1 time.

You collected 66 gold pieces.

Inventory:

Hand Weapons
 a - a +1 hand axe
 g - a +1 dagger of protection (weapon)
Armour
 b - a +0 leather armour (worn)
 h - a +0 pair of gloves (worn)
Scrolls
 d - a scroll of teleportation
 f - a scroll of identify
Potions
 e - a potion of brilliance
Comestibles
 c - 2 rations


   Skills:
 + Level 5.3 Fighting
 - Level 0.4 Short Blades
 - Level 1.7 Axes
 - Level 1.7 Armour
 - Level 0.8 Dodging
 - Level 0.1 Stealth
 - Level 2.4 Invocations


You had 3 spell levels left.
You didn't know any spells.

Dungeon Overview and Level Annotations

Branches:
Dungeon (3/15)

Altars:
Okawaru


Innate Abilities, Weirdness & Mutations

When hurt, damage is shared between your health and your magic reserves.
When seriously injured, your bleeding wounds create thick armour. (AC +9)


Message History

There is a stone staircase leading up here.
The gnoll hits you but does no damage.
You climb upwards.
There is a stone staircase leading down here.
Unknown command.
You hit the gnoll.
Your weapon exudes an aura of protection.
The gnoll is heavily wounded.
The gnoll hits you with a club.
* * * LOW HITPOINT WARNING * * *
You barely miss the gnoll.
The gnoll is heavily wounded.
You completely miss the gnoll.
The gnoll is heavily wounded.
The gnoll hits you with a club.
* * * LOW HITPOINT WARNING * * *
You completely miss the gnoll.
The gnoll is heavily wounded.
The gnoll hits you with a club!
You die...

#....#..<.....#
#.###.######### #.#
#.# #.# #.#
####.###.#
..)....#.###########
..รท................#
..#####..#########.##
..# #........g@...#
..# ##.#########..#
..# #.# #..# ..# #.#
#..# ..# #.## #..#
#.# ###..# ##..# #.#
#....# ##...## #.#
#.#### #.....# #.#
#.#########.....#


You could see a gnoll.

Vanquished Creatures
  4 adders
  A worm (D:2)
  A dart slug (D:2)
  3 leopard geckos
  4 giant cockroaches
  9 hobgoblins
  4 jackals (D:1)
  2 ball pythons
  5 bats
  6 frilled lizards
  10 goblins
  6 kobolds
  6 rats
61 creatures vanquished.

Notes
Turn   | Place    | Note
-------+----------+-------------------------------------------
     0 | Abyss:1  | tyranidshit the Demonspawn Abyssal Knight began the quest for the Orb.
     0 | Abyss:1  | Reached XP level 1. HP: 18/18 MP: 2/2
    30 | Abyss:1  | Found a corrupted altar of Lugonu.
    77 | Abyss:1  | Noticed a quasit
   108 | Abyss:1  | Noticed a small abomination
   109 | D:1      | Escaped the Abyss
   135 | D:1      | Reached * piety under Lugonu
   173 | D:1      | Gained mutation: When seriously injured, your bleeding wounds create armour. (AC +9) [demonic ancestry]
   173 | D:1      | Reached XP level 2. HP: 6/24 MP: 3/3
   378 | D:1      | Reached skill level 4 in Fighting
   734 | D:1      | Gained mutation: When hurt, damage is shared between your health and your magic reserves. [demonic ancestry]
   734 | D:1      | Reached XP level 3. HP: 17/30 MP: 4/4
   967 | D:2      | Reached ** piety under Lugonu
  1209 | D:2      | Gained mutation: When seriously injured, your bleeding wounds create thick armour. (AC +9) [demonic ancestry]
  1209 | D:2      | Reached XP level 4. HP: 21/38 MP: 5/5
  1435 | D:2      | Reached skill level 5 in Fighting
  1798 | D:3      | Found an iron altar of Okawaru.
  1852 | D:2      | Mangled by a gnoll

Skill      XL: |  1  2  3  4 |
---------------+-------------+-----
Fighting       | 4 5 |  5.3
Short Blades   | |  0.4
Axes           | |  1.7
Armour         | |  1.7
Dodging        | |  0.8
Stealth        | |  0.1
Invocations    | |  2.4

Action                   |  1- 3 |  4- 6 || total
-------------------------+-------+-------++-------
Melee: Hand axe          |   121 |       ||   121
       Dagger            |    64 |   107 ||   171
Invok: Depart the Abyss  |     1 |       ||     1
  Use: Scroll            |     5 |       ||     5
       Potion            |     1 |     2 ||     3
 Stab: Invisible         |     2 |       ||     2
  Eat: Ration            |     1 |       ||     1
Armor: Leather armour    |    72 |    63 ||   135
Dodge: Dodged            |   117 |    74 ||   191
